 Dungeon Crawl Stone Soup version 0.28-a0-1130-gc51a68064b (webtiles) character file.

Game seed: 13174526055979418984

3620 freelancePsychic the Skirmisher (level 9, -14/74 HPs)
             Began as a Demonspawn Monk on Dec 13, 2021.
             Was a High Priest of Kikubaaqudgha.
             Demolished by a white ugly thing (31 damage)
             ... on level 8 of the Dungeon.
             The game lasted 00:18:38 (8712 turns).

freelancePsychic the Skirmisher (Demonspawn Monk)   Turns: 8712, Time: 00:18:38

Health: -14/74     AC: 10    Str: 13    XL:     9   Next: 86%
Magic:  10/17      EV: 12    Int: 23    God:    Kikubaaqudgha [*****.]
Gold:   320        SH:  5    Dex: 15    Spells: 9/18 levels left

rFire   . . .      SeeInvis .   a - +2 trident (venom)
rCold   . . .      Faith    .   k - +1 buckler {reflect}
rNeg    . . .      Spirit   .   B - +0 steam dragon scales
rPois   .          Reflect  +   (helmet restricted)
rElec   .          Harm     .   i - +0 cloak
rCorr   .          Rampage  .   D - +0 pair of gloves
Will    .....                   p - +2 pair of boots
Stlth   ++........              t - amulet of magic regeneration
HPRegen 0.22/turn               m - +6 ring of intelligence
MPRegen 0.55/turn               (no ring)

@: very slightly contaminated
A: antennae 2, spiny 1, big brain 1
a: Renounce Religion, Receive Corpses, Torment


You were on level 8 of the Dungeon.
You worshipped Kikubaaqudgha.
Kikubaaqudgha was extremely pleased with you.
You visited 1 branch of the dungeon, and saw 8 of its levels.

You collected 360 gold pieces.
You spent 40 gold pieces at shops.

Inventory:

Hand Weapons
 a - a +2 trident of venom (weapon)
 b - a +4 hunting sling
Missiles
 f - 128 stones
 o - 2 throwing nets
 r - 56 sling bullets
Armour
 i - a +0 cloak (worn)
 k - a +1 buckler of reflection (worn)
 p - a +2 pair of boots (worn)
 B - +0 steam dragon scales (worn)
 D - a +0 pair of gloves (worn)
Jewellery
 m - a +6 ring of intelligence (left hand)
 t - an amulet of magic regeneration (around neck)
 x - a ring of fire
 E - a ring of see invisible
Wands
 u - a wand of iceblast (12)
 w - a wand of flame (13)
Scrolls
 d - a scroll of summoning
 g - a scroll of noise
 h - 2 scrolls of teleportation {@r4}
 s - 2 scrolls of vulnerability
 y - a scroll of silence
 A - a scroll of blinking {unknown}
Potions
 c - a potion of brilliance
 e - a potion of magic {unknown}
 j - 4 potions of curing {@q1}
 l - 3 potions of might
 n - a potion of resistance {unknown}
 v - 3 potions of lignification
 z - a potion of invisibility {unknown}
 C - a potion of haste {unknown}


   Skills:
 + Level 7.9 Fighting
 - Level 3.1 Short Blades
 - Level 2.0 Polearms
 - Level 2.6 Dodging
 - Level 1.7 Stealth
 - Level 1.0 Shields
 + Level 5.3 Spellcasting
 + Level 7.5 Necromancy
 + Level 6.3 Earth Magic


You had 9 spell levels left.
You knew the following spells:

 Your Spells              Type           Power      Damage    Failure   Level
a - Dispel Undead         Necr           41%        3d16      6%          4
b - Borgnjor's Vile Clut  Necr/Erth      19%        N/A       22%         5

Your spell library contained the following spells:

 Spells                   Type           Power      Damage    Failure   Level
 Animate Skeleton         Necr           82%        N/A       1%          1
 Pain                     Necr           100%       1d9       1%          1
 Sublimation of Blood     Necr           41%        N/A       1%          2
 Vampiric Draining        Necr           41%        2d8       1%          3
 Slow                     Hex            24%        N/A       13%         1
 Agony                    Necr           41%        N/A       16%         5
 Excruciating Wounds      Necr           20%        N/A       16%         5
 Confusing Touch          Hex            6%         N/A       36%         3
 Yara's Violent Unravell  Hex/Tmut       3%         3d4       98%         5
 Simulacrum               Ice/Necr       11%        N/A       99%         6
 Dispersal                Tloc           3%         N/A       100%        6
 Disjunction              Tloc           3%         N/A       100%        8


Dungeon Overview and Level Annotations

Branches:
Dungeon (8/15)             Temple (0/1) D:4
   Lair: D:8-11

Altars:
Cheibriados
Elyvilon
Hepliaklqana
Kikubaaqudgha
Okawaru
Qazlal
Ru
Sif Muna
Uskayaw
Wu Jian
Xom

Shops:
D:2 !

Portals:
Bailey: D:8

Annotations:
D:2 1 runed translucent door, Crazy Yiuf
D:3 exclusion: sky beast
D:7 Joseph


Innate Abilities, Weirdness & Mutations

You have a pair of antennae on your head.
You are partially covered in sharp spines.
You have an unusually large brain. (Int +2)


Message History

A white ugly thing comes into view.
Casting: Borgnjor's Vile Clutch (quite dangerous; 22% risk of failure)
Confirm with . or Enter, or press ? or * to list all spells.
The spell is quite dangerous to miscast (22% risk of failure)!
Continue anyway?
Aiming: Borgnjor's Vile Clutch (quite dangerous; 22% risk of failure)
Press: ? - help, Shift-Dir - straight line, f - white ugly thing
Aim: a white ugly thing (wandering, hasn't noticed you, 100% to hit)
You miscast Borgnjor's Vile Clutch.
You are very lightly contaminated with residual magic.
Nothing appears to happen.
The white ugly thing gurgles horribly!
Casting: Borgnjor's Vile Clutch (quite dangerous; 22% risk of failure)
Confirm with . or Enter, or press ? or * to list all spells.
The spell is quite dangerous to miscast (22% risk of failure)!
Continue anyway?
Aiming: Borgnjor's Vile Clutch (quite dangerous; 22% risk of failure)
Press: ? - help, Shift-Dir - straight line, f/p - white ugly thing
Aim: a white ugly thing (100% to hit)
Zombie hands grab the white ugly thing.
The zombie hands constrict the white ugly thing.
The white ugly thing bites you. The white ugly thing freezes you!
You hit the white ugly thing.
The white ugly thing is poisoned.
The white ugly thing is lightly wounded.
The zombie hands constrict the white ugly thing!
The white ugly thing is struck by your spines.
The white ugly thing misses you.
You hit the white ugly thing.
The white ugly thing looks even sicker.
The white ugly thing is heavily wounded.
The zombie hands constrict the white ugly thing!
The white ugly thing is struck by your spines.
The white ugly thing bites you! The white ugly thing freezes you!!
You barely miss the white ugly thing.
The white ugly thing is severely wounded.
The zombie hands constrict the white ugly thing!
The zombie hands release their grip on the white ugly thing.
The white ugly thing is struck by your spines.
The white ugly thing bites you!
* * * LOW HITPOINT WARNING * * *
The white ugly thing freezes you!!
You die...
Kikubaaqudgha rasps: "You have failed me!
Welcome... death!"

#.## #..# ######.## ..
#...>...###...
#############
#.####........
#...........# #.....#.##.
#.##8###8###### #
#.##..#..#
#.8∩........u.#
#.##.#..#.#...
#.####8###8##@#
#.......#.#..#
#...........#.#
####...##.##(.
#.###########.# #...# ##
.. #.#####.#####.###
#..## #o
####...............# #..#
#. ......####..#.##.#.#
##.## #
.####.####..#.##.#.# #..#
#
.##..............#.###.##
#
.##.#.####..####.#..#)†#


You could see a white ugly thing (very poisoned).

Vanquished Creatures
  A two-headed ogre (D:8)
  A vampire (D:7)
  Sigmund (D:6)
  A steam dragon (D:6)
  2 water moccasins
  An orc warrior (D:8)
  A black bear (D:5)
  2 ice beasts
  2 necrophages (D:8)
  An ogre (D:6)
  A centaur (D:7)
  2 phantoms (D:4)
  3 bullfrogs
  2 scorpions
  A wyvern zombie (D:8)
  A wyvern skeleton (D:7)
  A killer bee (D:8)
  3 wights (D:7)
  A centaur zombie (D:5)
  3 howler monkeys
  2 bullfrog zombies
  A jelly (D:7)
  A hound (D:7)
  5 orc priests
  3 bullfrog skeletons (D:6)
  2 centaur skeletons
  Jessica (D:3)
  Terence (D:3)
  3 iguanas
  3 orc wizards
  A killer bee zombie (D:6)
  A hound skeleton (D:4)
  3 gnolls (D:2)
  5 adders
  An ufetubus (D:5)
  2 worms
  7 dart slugs
  18 orcs
  2 bats (D:1)
  2 endoplasms
  4 giant cockroaches
  10 goblins
  7 hobgoblins
  6 kobolds
  5 quokkas
  5 ball pythons
  7 frilled lizards
  4 rats
143 creatures vanquished.

Notes
Turn   | Place    | Note
-------+----------+-------------------------------------------
     0 | D:1      | freelancePsychic the Demonspawn Monk began the quest for
                  | the Orb.
     0 | D:1      | Reached XP level 1. HP: 18/18 MP: 1/1
   567 | D:1      | Gained mutation: You are partially covered in sharp spines.
                  | [demonic ancestry]
   567 | D:1      | Reached XP level 2. HP: 22/24 MP: 2/2
  1125 | D:2      | Reached skill level 1 in Polearms
  1351 | D:2      | Found Eluimn's Distillery.
  1362 | D:2      | Bought a potion of might for 40 gold pieces
  1391 | D:2      | Found a faded altar of an unknown god.
  1408 | D:2      | Reached XP level 3. HP: 29/29 MP: 3/3
  1658 | D:2      | Found a runed translucent door.
  1659 | D:2      | Noticed Crazy Yiuf
  1786 | D:2      | Reached XP level 4. HP: 25/36 MP: 4/4
  1793 | D:2      | Reached skill level 1 in Shields
  2139 | D:2      | Prayed at the altar of an unknown god.
  2139 | D:2      | Became a worshipper of Kikubaaqudgha
  2139 | D:2      | Reached * piety under Kikubaaqudgha
  2139 | D:2      | Received a gift from Kikubaaqudgha
  2139 | D:2      | Reached ** piety under Kikubaaqudgha
  2411 | D:3      | Reached *** piety under Kikubaaqudgha
  2411 | D:3      | Received a gift from Kikubaaqudgha
  2414 | D:3      | Noticed Jessica
  2417 | D:3      | Killed Jessica
  2469 | D:3      | Noticed Terence
  2474 | D:3      | Killed Terence
  2475 | D:3      | Reached skill level 1 in Necromancy
  2475 | D:3      | Reached skill level 1 in Earth Magic
  2490 | D:3      | Found a snail-covered altar of Cheibriados.
  2509 | D:3      | Noticed a sky beast
  2677 | D:3      | Gained mutation: You have a pair of small antennae on your
                  | head. [demonic ancestry]
  2677 | D:3      | Reached XP level 5. HP: 42/42 MP: 5/5
  3147 | D:4      | Found an ornate altar of the Wu Jian Council.
  3258 | D:4      | Found a sacrificial altar of Ru.
  3329 | D:4      | Noticed a phantom
  4260 | D:4      | Found a staircase to the Ecumenical Temple.
  4294 | D:4      | Noticed a water moccasin
  4429 | D:4      | Identified the +3 whip of Feasah {vorpal, SInv}
  4479 | D:5      | Entered Level 5 of the Dungeon
  4636 | D:5      | Reached XP level 6. HP: 42/49 MP: 6/6
  4840 | D:5      | Found a hide-covered altar of Uskayaw.
  4988 | D:5      | Noticed a water moccasin
  5001 | D:5      | Killed a water moccasin
  5002 | D:5      | Reached skill level 5 in Fighting
  5108 | D:5      | Reached **** piety under Kikubaaqudgha
  5109 | D:5      | Gained mutation: You have an unusually large brain. (Int
                  | +2) [demonic ancestry]
  5109 | D:5      | Reached XP level 7. HP: 56/56 MP: 7/7
  5113 | D:5      | Found a stormy altar of Qazlal.
  5291 | D:5      | Noticed a water elemental
  5291 | D:5      | Noticed an air elemental
  5291 | D:5      | Noticed a fire elemental
  5383 | D:6      | Noticed Sigmund
  5390 | D:5      | Reached skill level 1 in Spellcasting
  5448 | D:6      | Killed Sigmund
  5540 | D:6      | Found an iron altar of Okawaru.
  5674 | D:6      | Gained mutation: You have a pair of antennae on your head.
                  | [demonic ancestry]
  5674 | D:6      | Reached XP level 8. HP: 48/64 MP: 11/11
  5757 | D:6      | Identified the +0 helmet "Kiyvav" {Int+4 Slay+3}
  5776 | D:6      | Reached skill level 5 in Necromancy
  6264 | D:6      | Learned a level 4 spell: Dispel Undead
  6270 | D:6      | Learned a level 5 spell: Borgnjor's Vile Clutch
  6855 | D:4      | Found a shimmering blue altar of Sif Muna.
  7266 | D:7      | Reached skill level 5 in Earth Magic
  7266 | D:7      | Reached XP level 9. HP: 71/71 MP: 2/14
  7607 | D:7      | Noticed Joseph
  8049 | D:8      | Found a shimmering altar of Xom.
  8152 | D:8      | Found a hazy altar of Hepliaklqana.
  8201 | D:8      | Reached ***** piety under Kikubaaqudgha
  8211 | D:8      | Noticed a two-headed ogre
  8238 | D:8      | Killed a two-headed ogre
  8239 | D:8      | Reached skill level 5 in Spellcasting
  8240 | D:8      | Noticed a seven-headed hydra
  8269 | D:8      | HP: 2/74 [killer bee (7)]
  8665 | D:8      | Found a flagged portal.
  8707 | D:8      | Noticed a white ugly thing
  8712 | D:8      | Demolished by a white ugly thing

Illustrated notes

Levels and vault maps discovered:
D:1:      dpeg_arrival_more_subterranean_lakeside_camping, layout_basic
D:2:      layout_loops_ring, chequers_ecumenical_altar_simple, serial_shops,
          nicolae_diamond_shop, uniq_crazy_yiuf_cottage
D:3:      layout_loops_ring, kennysheep_slug_shrine, uniq_jessica, uniq_terence
D:4:      layout_basic, nicolae_wu_jian_glorious_leap,
          nicolae_sif_muna_little_library, marbit_many_paths,
          minmay_temple_entry_junction, minmay_misc_feat_alley
D:5:      layout_cave_pools, lemuel_tele_altar,
          nicolae_qazlal_style_of_elements, ebering_dispersal_statue_hall
D:6:      layout_loops_ring, okawaru_gym_becter, minmay_between, uniq_sigmund
D:7:      wander_river, layout_cave_pools, lemuel_mausoleum_altar_kikubaaqudgha,
          lemuel_crystal_altar, uniq_joseph
D:8:      minmay_the_grid_four_pointed_star
          [minmay_the_grid_triangle_9x9_thin_v,
          minmay_the_grid_triangle_9x9_steps,
          minmay_the_grid_triangle_9x9_corruption,
          minmay_the_grid_triangle_9x9_odd_lines,
          minmay_the_grid_prize_inner_circle], layout_loops_cross,
          xom_teletrap_fun, worldfamousw_hep_ancestral_shrine, enter_bailey_8,
          dk_noncrumbling_3

Skill      XL: |  1  2  3  4  5  6  7  8  9 |
---------------+----------------------------+-----
Short Blades   | 3 |  3.1
Polearms       | 1 2 |  2.0
Shields        | 1 |  1.0
Necromancy     | 1 2 3 4 6 7 |  7.5
Earth Magic    | 1 2 4 5 6 |  6.3
Fighting       | 4 5 6 7 |  7.9
Spellcasting   | 2 3 5 |  5.3
Dodging        | |  2.6
Stealth        | |  1.7

Action                   |  1- 3 |  4- 6 |  7- 9 || total
-------------------------+-------+-------+-------++-------
Melee: Dagger            |    26 |       |       ||    26
       Short sword       |     9 |       |       ||     9
       Trident           |    28 |    58 |   147 ||   233
 Fire: Hunting sling     |    17 |    60 |    42 ||   119
 Cast: Dispel Undead     |       |       |    15 ||    15
       Borgnjor's Vile C |       |       |     5 ||     5
  Use: Scroll            |       |       |    10 ||    10
       Potion            |       |       |     4 ||     4
 Stab: Sleeping          |     8 |     1 |     2 ||    11
       Distracted        |     1 |       |     1 ||     2
Armor: Robe              |     2 |     2 |       ||     4
       Ring mail         |       |    14 |    14 ||    28
       Steam dragon scal |       |       |    33 ||    33
       Skin              |       |       |     3 ||     3
Dodge: Dodged            |    24 |    15 |    74 ||   113
Block: Buckler           |     6 |     8 |    51 ||    65
       Reflection        |       |       |     1 ||     1

Table legend: (Time is in decaauts)
 A = Elapsed time spent in this place.
 B = Non-inter-level travel time spent in this place.
 C = Inter-level travel time spent in this place.
 D = Time resting spent in this place.
 E = Time spent auto-exploring this place.
 F = Levels seen in this place.
 G = Mean time per level.
                   A        B        C        D        E       F      G
               +--------+--------+--------+--------+--------+-----+--------+
         Total |   8790 |   8290 |    500 |   1273 |   5375 |   8 | 1098.8 |
       Dungeon |   8790 |   8290 |    500 |   1273 |   5375 |   8 | 1098.8 |
               +--------+--------+--------+--------+--------+-----+--------+

Top non-repeatable levels by time:
     D:3: 1441 daAuts
     D:4: 1285 daAuts
     D:1: 1145 daAuts
     D:2: 1138 daAuts
     D:5: 1125 daAuts
     D:6: 1101 daAuts
     D:7: 871 daAuts
     D:8: 681 daAuts
